 Dungeon Crawl Stone Soup version 0.19.1-1-g22dce08 (webtiles) character file.

357 alperenutlu the Covert (level 6, -2/46 HPs)
             Began as a Vampire Assassin on Jan 13, 2017.
             Was an Initiate of Trog.
             Slain by Paps's ghost (11 damage)
             ... on level 4 of the Dungeon.
             The game lasted 00:30:24 (2675 turns).

alperenutlu the Covert (Vampire Assassin)           Turns: 2675, Time: 00:30:25

Health: -2/46      AC:  3    Str: 11    XL:     6   Next: 36%
Magic:  6/6        EV: 13    Int: 14    God:    Trog [......]
Gold:   100        SH:  0    Dex: 16    Spells: 0 memorised, 5 levels left

rFire  . . .     SeeInvis +     a - +3 dagger
rCold  + . .     Gourm    .     c - +0 robe
rNeg   + + .     Faith    .     (no shield)
rPois  +         Spirit   .     (no helmet)
rElec  .         Reflect  .     n - +0 cloak
rCorr  .         Harm     .     (no gloves)
MR     .....                    (no boots)
Stlth  +++++.....               i - amulet of rage
                                (no ring)
                                (no ring)

@: exhausted, regenerating slowly, slowed, very slow
A: fangs 3, see invisible, unbreathing
a: Bat Form, Burn Spellbooks, Renounce Religion, Evoke Berserk Rage


You were on level 4 of the Dungeon.
You worshipped Trog.
Trog was noncommittal.
You were very thirsty.

You visited 1 branch of the dungeon, and saw 4 of its levels.

You collected 100 gold pieces.

Inventory:

Hand Weapons
 a - a +3 dagger (weapon)
 b - a +0 blowgun
Missiles
 e - 7 poisoned needles
 f - 2 curare-tipped needles
Armour
 c - a +0 robe (worn)
 n - a +0 cloak (worn)
 o - a +0 robe
Jewellery
 i - an amulet of rage (around neck)
 p - an uncursed amulet of inaccuracy
Wands
 j - a wand of flame (24/48)
 t - a wand of iceblast (10/15)
Scrolls
 k - 3 scrolls of remove curse
 l - a scroll of recharging
 m - a scroll of blinking {unknown}
 s - a scroll of fear {unknown}
Potions
 d - a potion of agility {unknown}
 g - 12 potions of blood
 h - a potion of cure mutation {unknown}
 q - a potion of curing {unknown}
 r - a potion of heal wounds {unknown}


   Skills:
 + Level 2.6 Fighting
 * Level 4.2 Short Blades
 - Level 2.0 Throwing
 * Level 3.0 Dodging
 + Level 8.3 Stealth
 + Level 1.0 Evocations


You had 5 spell levels left.
You didn't know any spells.

Dungeon Overview and Level Annotations

Branches:
Dungeon (4/15)
 Temple: D:4-7

Altars:
Ashenzari
Cheibriados
Kikubaaqudgha
Trog
Zin

Annotations:
D:4 Paps's ghost, amateur TrBe


Innate Abilities, Weirdness & Mutations

You heal slowly.
You have razor-sharp teeth.
You have supernaturally acute eyesight. (SInv)
You can survive without breathing.


Message History

* * * LOW HITPOINT WARNING * * *
You are too berserk!
You barely miss Paps's ghost.
Paps's ghost is heavily damaged.
You completely miss Paps's ghost.
Paps's ghost is heavily damaged.
Paps's ghost hits you but does no damage.
You puncture Paps's ghost! You bite Paps's ghost.
Paps's ghost is severely damaged.
You hit Paps's ghost.
Paps's ghost is severely damaged.
Paps's ghost hits you!
* * * LOW HITPOINT WARNING * * *
You feel a strong urge to attack something.
You are no longer berserk.
You are exhausted.
You feel yourself slow down.
There is a stone staircase leading up, spattered with blood here.
Paps's ghost hits you!
You die...

#..$................
#....#.#.#.#.#.#.#.#
#...................
###....#.#.#.#.#.#.#.#
......................
.......#.#.#.#.#.#.#.#
......................
.......#.#.#W#.#.#.#.#
#######....@.........
##.#.#.#.#.#.#.#
+....#'#########
#....#.....#
......#.....#
...##+##.....# ...
#......# ..
+..........
#..........#


You could see Paps's ghost.

Vanquished Creatures
  A phantom (D:4)
  A howler monkey (D:4)
  A hound (D:3)
  An orc priest (D:3)
  An orc wizard (D:3)
  Terence (D:3)
  A hound skeleton (D:4)
  4 adders
  An ooze (D:1)
  A dart slug (D:2)
  6 orcs (D:3)
  4 bats
  3 giant cockroaches
  3 goblins
  4 hobgoblins
  8 jackals
  7 kobolds
  A quokka (D:3)
  4 frilled lizards
  A hobgoblin zombie (D:4)
  8 rats
62 creatures vanquished.

Vanquished Creatures (others)
  A hobgoblin (D:1)
1 creature vanquished.

Grand Total: 63 creatures vanquished

Notes
Turn   | Place    | Note
-------+----------+-------------------------------------------
     0 | D:1      | alperenutlu the Vampire Assassin began the quest for the Orb.
     0 | D:1      | Reached XP level 1. HP: 16/16 MP: 1/1
    77 | D:1      | Reached skill level 6 in Stealth
   184 | D:1      | Reached XP level 2. HP: 22/22 MP: 2/2
   551 | D:2      | Reached XP level 3. HP: 23/27 MP: 3/3
   718 | D:2      | Reached skill level 7 in Stealth
   760 | D:2      | Reached XP level 4. HP: 23/33 MP: 4/4
  1436 | D:3      | Found a shattered altar of Ashenzari.
  1481 | D:3      | Reached XP level 5. HP: 33/38 MP: 5/5
  1862 | D:3      | Found a glowing silver altar of Zin.
  1888 | D:3      | Found a snail-covered altar of Cheibriados.
  1888 | D:3      | Found a bloodstained altar of Trog.
  1894 | D:3      | Became a worshipper of Trog the Wrathful
  1927 | D:3      | Found an ancient bone altar of Kikubaaqudgha.
  1929 | D:3      | Noticed Terence
  1941 | D:3      | Killed Terence
  1941 | D:3      | Reached skill level 8 in Stealth
  1964 | D:4      | Noticed Paps's ghost (amateur TrBe)
  2043 | D:4      | Noticed a phantom
  2176 | D:4      | Killed a phantom
  2176 | D:4      | Reached XP level 6. HP: 20/46 MP: 6/6
  2208 | D:4      | Reached skill level 1 in Evocations
  2675 | D:4      | Slain by Paps's ghost

Skill      XL: |  1  2  3  4  5  6 |
---------------+-------------------+-----
Stealth        | 6 7 8 |  8.3
Fighting       | 2 |  2.6
Throwing       | 2 |  2.0
Short Blades   | 3 4 |  4.2
Dodging        | 2 3 |  3.0
Evocations     | 1 |  1.0

Action                   |  1- 3 |  4- 6 || total
-------------------------+-------+-------++-------
Melee: Dagger            |    92 |   101 ||   193
       Bite              |     6 |     6 ||    12
 Fire: Blowgun           |     8 |    10 ||    18
 Abil: Evoke Berserk Rag |     1 |     4 ||     5
  Use: Scroll            |       |     4 ||     4
       Potion            |       |    10 ||    10
 Stab: Sleeping          |    10 |     3 ||    13
Armor: Robe              |    15 |    11 ||    26
Dodge: Dodged            |    55 |    46 ||   101
